Map: Blueshift LE

Players

Serral - Winner!

  • Race: Zerg Zerg
  • League: Master
  • Spawn Location: 7:00

lIIllllIIlll (INnoVation)

  • Race: Terran Terran
  • League: Master
  • Spawn Location: 1:00

Event: HomeStory Cup XVIII

VOD

Have the link to the VOD?

Description

Time

  • Played on: Nov. 25, 2018, 4:44 p.m.
  • Length: 17:22

All games in this series

Show
View Real Time Build Order
Export as new Build Order

Serral Zerg - Winner!

Build Orders: Pool First 

Get SALT Encoding   

  12  0:00  Drone  
  13  0:12  Overlord  
  13  0:19  Drone  
  14  0:32  Drone x2  
  16  0:39  Drone  
  17  0:45  Extractor  
  17  0:46  Drone  
  17  0:49  Spawning Pool  
  16  0:56  Drone  
  17  1:06  Drone  
  18  1:18  Hatchery  
  17  1:23  Drone  
  18  1:36  Queen  
  18  1:37  Zergling x2  
  21  1:43  Overlord  
  21  1:49  Metabolic Boost  
  21  1:53  Zergling x2  
  22  2:04  Drone  
  23  2:10  Drone  
  23  2:11  Queen  
  26  2:21  Drone  
  27  2:30  Queen, Drone  
  27  2:33  Drone  
  31  2:41  Drone  
  32  2:45  Drone x3  
  32  2:46  Drone  
  32  2:51  Overlord  
  36  3:05  Hatchery  
  35  3:07  Drone  
  35  3:11  Queen  
  37  3:20  Zergling x6  
  37  3:22  Drone x2  
  37  3:25  Overlord  
  41  3:28  Drone  
  41  3:29  Drone  
  41  3:33  Zergling x2  
  44  3:37  Overlord  
  44  3:41  Overlord  
  44  3:45  Zergling x4  
  46  3:49  Lair  
  46  3:53  Queen  
  48  3:57  Drone x2  
  48  4:02  Drone x3  
  53  4:07  Zergling x4  
  55  4:13  Zergling x2  
  56  4:18  Queen  
  56  4:19  Drone  
  56  4:20  Drone  
  56  4:21  Baneling Nest  
  56  4:22  Drone  
  60  4:25  Drone  
  60  4:26  Spore Crawler  
  59  4:31  Spore Crawler  
  59  4:33  Queen  
  59  4:36  Drone  
  59  4:37  Drone  
  62  4:39  Drone  
  62  4:41  Drone  
  62  4:42  Drone  
  65  4:46  Overseer  
  65  4:53  Overlord  
  65  4:57  Extractor  
  65  4:59  Zergling x2  
  65  5:03  Overlord x2, Centrifical Hooks  
  65  5:05  Overlord  
  65  5:08  Overlord  
  65  5:13  Drone  
  65  5:14  Drone x3  
  69  5:19  Overseer  
  69  5:20  Overlord  
  69  5:21  Drone x2  
  71  5:22  Drone  
  71  5:26  Drone x3  
  75  5:31  Baneling  
  75  5:32  Baneling  
  75  5:34  Baneling  
  75  5:35  Drone x3  
  78  5:36  Drone x2  
  78  5:39  Overlord  
  78  5:40  Drone  
  81  5:44  Extractor x2  
  81  5:45  Drone, Spore Crawler  
  81  5:47  Drone  
  80  5:50  Zergling x2  
  80  5:51  Drone x2  
  80  5:52  Drone  
  80  5:57  Extractor, Drone  
  83  5:58  Evolution Chamber x2  
  83  5:59  Drone  
  83  6:01  Drone x2  
  83  6:02  Drone  
  83  6:04  Drone x2  
  87  6:06  Drone  
  89  6:12  Overlord  
  89  6:20  Zergling x8  
  89  6:21  Hatchery  
  89  6:25  Zerg Ground Armor Level 1  
  92  6:26  Zerg Melee Weapons Level 1  
  92  6:30  Baneling x5  
  92  6:32  Zergling x6  
  95  6:37  Zergling x10  
  100  6:41  Overlord  
  100  6:49  Drone x6  
  100  6:51  Overlord  
  100  6:53  Hydralisk Den  
  105  6:59  Zergling x2  
  105  7:00  Zergling x6  
  109  7:05  Overlord  
  109  7:06  Zergling x2  
  109  7:14  Zergling x8  
  113  7:18  Drone x3  
  113  7:19  Drone  
  117  7:29  Muscular Augments  
  117  7:31  Drone x2, Zergling x6  
  117  7:34  Zergling x4  
  124  7:39  Zergling x14  
  130  7:44  Queen  
  130  7:45  Drone x3  
  130  7:48  Overlord  
  130  7:50  Burrow  
  135  7:53  Overlord  
  135  7:54  Hydralisk x4  
  135  7:57  Baneling x5  
  143  7:59  Extractor  
  143  8:00  Infestation Pit  
  143  8:01  Drone x2  
  143  8:03  Hydralisk  
  145  8:06  Hydralisk  
  145  8:07  Hydralisk x2  
  151  8:13  Drone, Hydralisk x3  
  151  8:19  Overseer  
  158  8:21  Hydralisk x2, Zergling x6  
  165  8:27  Overlord  
  165  8:33  Zergling x10  
  156  8:41  Grooved Spines  
  149  8:42  Zerg Melee Weapons Level 2, Hydralisk x3, Zerg Ground Armor Level 2  
  149  8:43  Zergling x12  
  153  8:49  Hive  
  153  8:55  Drone x4  
  155  8:56  Extractor  
  155  9:01  Hatchery  
  155  9:02  Zergling x14  
  162  9:04  Spire  
  162  9:06  Overlord  
  161  9:10  Hatchery  
  160  9:18  Overlord  
  159  9:26  Baneling x6  
  159  9:27  Baneling x10  
  159  9:28  Overlord  
  159  9:31  Overlord  
  157  9:34  Hydralisk x2  
  157  9:35  Zergling x16  
  167  9:45  Overseer  
  167  9:48  Overlord x2, Hydralisk x2  
  167  9:49  Zergling x14  
  169  9:57  Drone x4  
  165  10:03  Drone x3  
  159  10:16  Drone  
  159  10:17  Extractor, Drone x4  
  159  10:19  Spore Crawler  
  159  10:20  Drone x8  
  168  10:32  Zergling x6  
  168  10:33  Zergling x12  
  168  10:34  Baneling x10  
  161  10:38  Zergling x4  
  161  10:41  Greater Spire  
  163  10:47  Pneumatized Carapace  
  163  10:49  Drone x3  
  166  10:53  Spore Crawler  
  166  10:54  Zergling x14  
  169  11:00  Zergling x10  
  169  11:03  Baneling x7  
  171  11:05  Baneling x6  
  171  11:18  Viper x3  
  172  11:19  Zergling x20  
  185  11:27  Zergling x16  
  185  11:29  Baneling  
  185  11:30  Baneling x5  
  193  11:35  Baneling x12  
  193  11:44  Zergling x20  
  195  11:48  Baneling x10  
  195  11:50  Zergling x4  
  197  11:59  Baneling x9  
  197  12:00  Overseer, Baneling x12  
  197  12:08  Zergling x16  
  192  12:16  Zergling x2  
  192  12:17  Zergling x14  
  199  12:26  Corruptor  
  198  12:43  Corruptor x3, Baneling  
  198  12:44  Corruptor, Baneling x10  
  188  12:48  Zergling x10  
  199  12:54  Zerg Ground Armor Level 3  
  199  12:57  Zerg Melee Weapons Level 3  
  199  13:32  Brood Lord x2  
  199  13:39  Brood Lord x3  
  193  13:41  Baneling x8  
  193  13:42  Zergling x12  
  193  13:48  Extractor  
  198  13:50  Extractor, Drone  
  198  13:51  Drone  
  197  13:56  Drone x2  
  197  14:02  Overseer  
  199  14:08  Overlord  
  199  14:09  Adrenal Glands  
  199  14:10  Ultralisk Cavern  
  199  14:14  Baneling x11  
  189  14:25  Zergling x22  
  198  14:32  Spine Crawler, Spore Crawler  
  198  14:34  Spore Crawler  
  198  14:35  Drone x2  
  195  14:41  Baneling x9  
  195  14:42  Zergling x10  
  199  14:57  Spore Crawler x2  
  199  14:58  Baneling x9  
  190  15:09  Zergling x2  
  190  15:10  Zergling x32  
  173  15:31  Zergling x38  
  179  15:39  Chitinous Plating  
  179  15:40  Hydralisk x3  
  179  15:41  Zergling x26  
  183  15:49  Baneling  
  181  15:50  Baneling x18  
  181  15:51  Baneling  
  181  15:52  Baneling x17  
  181  15:53  Baneling x2  
  181  16:01  Zergling x18  
  177  16:12  Zergling x6  
  177  16:13  Zergling x18  
  171  16:19  Viper  
  171  16:20  Viper x2  
  171  16:25  Zergling x12  
  186  16:30  Zergling x8  
  180  16:42  Zergling x2  
  180  16:43  Zergling x14  
  180  16:46  Zergling x10  
  178  16:51  Zergling x14  
  157  17:16  Unknown  
Show
View Real Time Build Order
Export as new Build Order

lIIllllIIlll Terran 

Build Orders: Gas First Reaper Expand, Reaper Expand 

Get SALT Encoding   

  12  0:00  SCV  
  13  0:12  SCV  
  14  0:17  Supply Depot  
  14  0:24  SCV  
  14  0:27  Refinery  
  15  0:38  SCV  
  16  0:43  Barracks  
  16  0:50  SCV  
  17  1:02  SCV  
  18  1:14  SCV  
  19  1:30  Reaper, Orbital Command  
  20  1:40  Command Center  
  20  1:53  Factory  
  20  1:56  SCV  
  21  2:05  Barracks Reactor  
  21  2:08  SCV  
  22  2:12  Supply Depot  
  22  2:14  Refinery  
  22  2:20  SCV  
  23  2:34  SCV  
  24  2:42  Starport  
  28  2:44  Hellion x2  
  28  2:46  SCV  
  28  2:50  Marine  
  30  2:53  Orbital Command  
  30  2:58  SCV  
  31  3:06  Hellion x2  
  31  3:11  SCV  
  36  3:19  Marine  
  36  3:20  Starport Tech Lab  
  36  3:23  SCV x2  
  38  3:34  Supply Depot  
  42  3:38  Banshee  
  42  3:40  SCV x2  
  43  3:47  Barracks Tech Lab  
  43  3:52  SCV x2  
  45  4:00  Command Center  
  45  4:04  SCV x2  
  47  4:10  Stimpack  
  47  4:11  Supply Depot, Marine  
  48  4:17  SCV x2  
  48  4:19  Factory Reactor  
  50  4:29  SCV x2  
  50  4:30  Barracks  
  52  4:32  Barracks  
  52  4:34  Supply Depot, Marine  
  53  4:41  Engineering Bay, Starport Reactor, SCV  
  53  4:42  SCV  
  53  4:44  Engineering Bay  
  55  4:53  SCV  
  55  4:54  Marine, SCV  
  55  4:59  Refinery  
  58  5:00  Refinery  
  58  5:06  SCV  
  58  5:07  Terran Infantry Weapons Level 1, SCV  
  59  5:08  Siege Tank  
  59  5:11  Terran Infantry Armor Level 1  
  59  5:12  Marine  
  63  5:14  Orbital Command  
  63  5:18  SCV  
  63  5:19  Marine x2, SCV  
  67  5:24  Supply Depot  
  67  5:26  Marine x2  
  69  5:30  Marine  
  69  5:31  SCV x2  
  72  5:37  Supply Depot, Marine x2  
  72  5:39  Medivac x2  
  72  5:40  Orbital Command  
  78  5:43  SCV x2  
  78  5:46  Marine x2  
  78  5:47  Marine  
  83  5:52  Siege Tank  
  83  5:53  Supply Depot  
  83  5:55  Marine x2  
  88  6:02  SCV  
  88  6:03  SCV  
  90  6:05  Barracks  
  90  6:06  Barracks  
  90  6:07  Armory  
  90  6:10  Refinery  
  90  6:13  SCV  
  90  6:14  SCV  
  90  6:15  SCV  
  93  6:19  Marine x3  
  93  6:20  Marine  
  100  6:27  Supply Depot, SCV x3  
  100  6:30  Marine  
  104  6:37  Supply Depot  
  104  6:39  SCV x3  
  107  6:44  Marine x2  
  107  6:46  Marine x2  
  108  6:48  Marine  
  108  6:51  Factory  
  108  6:53  Supply Depot, Factory Reactor  
  109  6:59  SCV x3  
  112  7:04  Barracks Reactor x2  
  112  7:05  Terran Infantry Armor Level 2  
  112  7:15  Marine x5  
  115  7:17  Medivac x2  
  115  7:18  SCV  
  115  7:19  SCV x2  
  124  7:25  Supply Depot  
  124  7:26  Terran Infantry Weapons Level 2  
  124  7:27  Supply Depot  
  124  7:31  Command Center  
  124  7:33  Marine  
  124  7:34  Drilling Claws  
  124  7:36  Widow Mine x2  
  129  7:40  Terran Vehicle And Ship Armor Level 1  
  129  7:45  SCV  
  129  7:46  Refinery, SCV x2  
  129  7:48  Marine x4  
  129  7:49  Marine  
  137  7:59  Widow Mine x3  
  137  8:04  Barracks  
  137  8:05  Barracks x2  
  143  8:09  Medivac x2  
  147  8:15  Marine x2  
  147  8:18  Supply Depot  
  147  8:19  Supply Depot  
  149  8:29  Marine  
  149  8:31  Widow Mine, Marine x2  
  149  8:32  Marine  
  149  8:33  Marine  
  149  8:34  Widow Mine, Marine, Missile Turret  
  149  8:35  Marine x2  
  149  8:39  Widow Mine  
  149  8:40  Marauder, Medivac x2  
  154  8:46  Marine  
  152  8:49  Marine x2  
  152  8:50  Marine  
  152  8:51  Marine x2  
  152  8:52  Marine x2  
  152  8:53  Supply Depot x2  
  152  8:55  Widow Mine  
  163  8:56  Widow Mine  
  163  9:00  Widow Mine  
  163  9:01  Marauder  
  167  9:04  Marine  
  167  9:07  SCV, Barracks Tech Lab x3  
  167  9:08  SCV x2  
  171  9:12  Planetary Fortress  
  171  9:14  Marine x2  
  171  9:15  Marine  
  174  9:18  Combat Shield  
  174  9:19  Medivac x2  
  174  9:23  Marauder  
  176  9:26  Widow Mine  
  176  9:27  Widow Mine x2, Concussive Shells  
  176  9:28  Marauder  
  176  9:29  Marine  
  176  9:30  Marauder x2  
  187  9:43  Command Center  
  187  9:45  Marauder  
  189  9:47  Sensor Tower  
  189  9:49  Marauder  
  189  9:52  Widow Mine x2  
  195  9:53  Marine  
  195  9:58  Sensor Tower  
  196  10:00  Marine  
  196  10:01  Marauder  
  196  10:02  Marauder  
  196  10:04  Marine  
  196  10:07  Marauder  
  195  10:09  Widow Mine  
  196  10:18  Terran Infantry Weapons Level 3  
  196  10:19  Marine x2, Terran Infantry Armor Level 3, Marauder  
  196  10:29  Marauder  
  196  10:30  Marine  
  196  10:31  Widow Mine  
  196  10:32  Widow Mine x2, Marauder x2  
  196  10:34  Marine  
  196  10:35  Marine x4  
  195  10:44  Supply Depot  
  195  10:55  Widow Mine x2, Marauder, Medivac  
  195  10:56  Widow Mine, Medivac  
  199  10:57  Marauder  
  199  10:58  Marauder x2  
  199  11:01  Marine  
  198  11:10  Marine  
  198  11:11  Marine  
  200  11:14  Ghost Academy, Terran Vehicle And Ship Armor Level 2  
  200  11:17  Refinery  
  196  11:19  Marauder x2  
  196  11:21  Marine x6, Marauder x2  
  196  11:22  Widow Mine  
  200  11:33  Refinery  
  200  11:35  Starport  
  200  11:36  Fusion Core  
  200  11:37  Starport  
  200  11:45  Medivac  
  200  11:46  Medivac  
  200  11:47  Widow Mine x3  
  187  12:08  Widow Mine x3  
  187  12:10  Marauder x2  
  187  12:11  Marauder, Marine x3  
  187  12:15  Medivac, Unknown x4  
  192  12:16  Medivac  
  192  12:18  Marauder  
  192  12:19  Marine x4  
  200  12:32  Marauder  
  195  12:39  Widow Mine x2  
  168  12:45  Marine x7, Marauder x3  
  168  12:51  Widow Mine  
  183  12:56  Marauder  
  183  12:57  Starport Reactor, Starport Tech Lab  
  185  12:58  Marine  
  185  13:00  Widow Mine x2  
  185  13:01  Medivac x2  
  185  13:02  Marine  
  185  13:03  Marine x5  
  200  13:15  Barracks  
  200  13:16  Marine x4  
  200  13:17  Marine x2, Barracks  
  200  13:19  Liberator x2  
  197  13:20  Liberator x2  
  197  13:21  Liberator  
  197  13:27  Widow Mine  
  197  13:33  Marine x2, Command Center  
  198  13:34  Marauder  
  198  13:40  Widow Mine  
  197  13:44  Widow Mine  
  197  13:46  Marine  
  200  13:49  Terran Vehicle And Ship Armor Level 3  
  200  13:59  Marine x2  
  199  14:22  Viking x2  
  199  14:23  Viking x3  
  193  14:25  Widow Mine  
  193  14:26  Widow Mine x2  
  175  14:46  Marine x2  
  175  14:47  Widow Mine x3, Marine x6, Marauder  
  175  14:49  Unknown  
  175  14:50  Unknown x3  
  175  14:52  Viking x2  
  187  14:55  Unknown  
  187  14:56  Viking, Unknown  
  188  15:01  Marine x3  
  188  15:04  Marine x2  
  186  15:08  Widow Mine x3  
  165  15:22  Liberator x3  
  162  15:30  Marauder x2  
  162  15:32  Marine  
  162  15:33  Marine  
  156  15:40  Advanced Ballistics  
  154  15:51  Marauder x2  
  158  15:58  Planetary Fortress  
  158  16:03  Marine  
  159  16:08  Marauder  
  159  16:09  Orbital Command  
  153  16:16  Marauder x2  
  153  16:17  Marine  
  129  16:20  Marine  
  130  16:25  Widow Mine x2  
  130  16:27  Marine  
  130  16:31  Marine x2  
  130  16:32  Marine x2  
  129  16:33  Marine  
  129  16:38  Marine  
  125  16:45  Widow Mine  
  125  16:46  Marine  
  125  16:47  Widow Mine x2, Marine x2, Marauder  
  114  16:52  Unknown x4  
  103  16:57  Marauder  
  103  16:59  Marine  
  102  17:03  Marine x4  
Tags
 
Add a new tag
Caveats
  • Supply blocks, unpowered buildings, or Contaminate may cause inaccurate times.
  • Supply counts are checked every 10 seconds.